 Dungeon Crawl Stone Soup version 0.31-a0-198-g2ad674f65e (webtiles) character file.

Game seed: 310757224045430470

67 qw the Shooter (level 4, -1/25 HPs)
             Began as a Deep Elf Hunter on June 25, 2023.
             Slain by a black bear (4 damage)
             ... on level 4 of the Dungeon.
             The game lasted 00:00:29 (1384 turns).

qw the Shooter (Deep Elf Hunter)                    Turns: 1384, Time: 00:00:30

Health: -1/25      AC:  5    Str: 10    XL:     4   Next: 0%
Magic:  6/6        EV: 11    Int: 14    God:
Gold:   48         SH:  0    Dex: 18    Spells: 3/3 levels left

rFire   . . .        Y - +0 shortbow
rCold   . . .        (shield currently unavailable)
rNeg    . . .        f - +0 ring mail
rPois   .            (no helmet)
rElec   .            (no cloak)
rCorr   .            (no gloves)
SInv    .            (no boots)
Will    .....        (no amulet)
Stlth   +            (no ring)
HPRegen 0.24/turn    (no ring)
MPRegen 0.10/turn

%: no passive effects
@: no status effects
A: no striking features
a: no special abilities


You were on level 4 of the Dungeon.
You visited 1 branch of the dungeon, and saw 3 of its levels.

You collected 48 gold pieces.


   Skills:
 - Level 1.5 Fighting
 + Level 7.4 Ranged Weapons
 - Level 2.4 Dodging
 - Level 1.2 Stealth


You had 3 spell levels left.
You didn't know any spells.
Your spell library was empty.

Inventory:

Hand Weapons
 Y - a +0 shortbow (weapon)
Armour
 f - a +0 ring mail (worn)
Scrolls
 c - a scroll of amnesia {unknown}
 g - a scroll of identify
Potions
 a - a potion of degeneration {unknown}
 d - 3 potions of brilliance {unknown}
 e - a potion of enlightenment {unknown}

Dungeon Overview and Level Annotations

Branches:
Dungeon (4/15)
 Temple: D:4-7

Altars:

Shops:
D:1 *?


Message History

The ball python hisses angrily.
Enter note: You shoot an arrow.
The arrow hits the black bear.
The black bear is lightly wounded.
You shoot an arrow. The arrow hits the black bear.
The black bear is moderately wounded.
The black bear barely misses you. The black bear claws you.
The black bear claws you but does no damage.
You shoot an arrow. The arrow barely misses the black bear.
The ufetubus closely misses you.
The ufetubus hits you but does no damage.
The black bear barely misses you.
The black bear claws you but does no damage.
The black bear claws you. The ball python misses you.
The ball python barely misses you.
You shoot an arrow. The arrow hits the black bear.
The black bear is severely wounded.
The ufetubus barely misses you. The ufetubus hits you.
The black bear bites you. The black bear barely misses you.
The black bear claws you but does no damage.
The ball python bites you but does no damage.
The ball python closely misses you. The white imp closely misses you.
The ufetubus closely misses you.
The ufetubus hits you but does no damage.
You shoot an arrow. The arrow hits the black bear!
The black bear is almost dead.
The ufetubus hits you.
The ufetubus hits you but does no damage.
The black bear barely misses you.
The black bear claws you but does no damage.
The black bear claws you. The ball python closely misses you.
The ball python misses you. The white imp hits you. The white imp freezes you.
The ufetubus hits you but does no damage.
The ufetubus barely misses you.
The black bear goes berserk!
The ball python barely misses you. The ball python completely misses you.
You shoot an arrow. The arrow hits the black bear.
The black bear is almost dead.
The ufetubus hits you but does no damage. x2
The white imp barely misses you. The black bear bites you.
You die...

#.........
###.........
#.........#
#.........#
#.........#
#.:.......#
#...h.....#
#...@S....#
#...55P7.77
#.......~~
###.#~.~~~~#
#. .~~~..#
#. P~~.~.#
#. 7.....#
#. ..####


You could see a black bear (berserk), a white imp, an ufetubus and a ball
python.

Vanquished Creatures
  An adder (D:2)
  2 ufetubi (D:4)
  A worm (D:4)
  A dart slug (D:1)
  4 endoplasms
  4 giant cockroaches (D:2)
  6 goblins
  4 hobgoblins
  A quokka (D:2)
  5 ball pythons
  2 bats (D:1)
  4 frilled lizards
  3 kobolds
  5 rats
43 creatures vanquished.

Notes
Turn   | Place    | Note
-------+----------+-------------------------------------------
     0 | D:1      | qw the Deep Elf Hunter began the quest for the Orb.
     0 | D:1      | Reached XP level 1. HP: 12/12 MP: 3/3
     0 | D:1      | 0 ||| qw: Version: 0.3-a-22-g0ed2b0b
     0 | D:1      | 0 ||| qw: Game counter: 5389
     0 | D:1      | 0 ||| qw: Melee chars always use a shield: true
     0 | D:1      | 0 ||| qw: God list: Okawaru
     0 | D:1      | 0 ||| qw: Allow faded altars: false
     0 | D:1      | 0 ||| qw: Do Orc after clearing Dungeon:15 true
     0 | D:1      | 0 ||| qw: Do second Lair branch before Depths: true
     0 | D:1      | 0 ||| qw: Lair rune preference: random
     0 | D:1      | 0 ||| qw: Goals: Normal
     0 | D:1      | 0 ||| PLANNING D:1-11
    57 | D:1      | Found Suesott's Assorted Antiques.
    68 | D:1      | 68 ||| SHOPLISTING grey potion (25 gold, have 3).
    68 | D:1      | 68 ||| SHOPLISTING scroll labelled AFOSKAL USIEQI (28 gold,
                  | have 3).
    68 | D:1      | 68 ||| SHOPLISTING scroll labelled BANTAW BOGHULI (28 gold,
                  | have 3).
    68 | D:1      | 68 ||| SHOPLISTING silvery potion (25 gold, have 3).
   208 | D:1      | Reached skill level 6 in Ranged Weapons
   208 | D:1      | Reached XP level 2. HP: 8/16 MP: 4/4
   405 | D:1      | Found Xidisif's Magic Scroll Shop.
   410 | D:1      | 410 ||| SHOPLISTING scroll of identify (24 gold, have 18).
   410 | D:1      | 410 ||| SHOPLISTING scroll of teleportation (36 gold, have
                  | 18).
   841 | D:1      | 841 ||| UPGRADING to +0 ring mail.
   851 | D:1      | 851 ||| DROPPING +0 leather armour.
   852 | D:1      | 852 ||| READING scroll labelled YSTUHUOCSEMA.
   853 | D:1      | 853 ||| READING scroll labelled KEPISIE QAPPYN.
   854 | D:1      | 854 ||| READING scroll labelled AFOSKAL USIEQI.
   855 | D:1      | 855 ||| DROPPING scroll of butterflies.
   881 | D:2      | Found a faded altar of an unknown god.
   881 | D:2      | Noticed a Brimstone Fiend
   970 | D:2      | Reached XP level 3. HP: 8/20 MP: 5/5
  1244 | D:2      | Reached skill level 7 in Ranged Weapons
  1333 | D:2      | You fall into a shaft and drop 2 floors!
  1364 | D:4      | Reached XP level 4. HP: 25/25 MP: 6/6
  1375 | D:4      | 1375 ||| READING scroll labelled GAERIU BITAI.
  1378 | D:4      | Noticed a black bear
  1383 | D:4      | HP: 2/25 [white imp (5)]
  1384 | D:4      | Slain by a black bear

Levels and vault maps discovered:
D:1:      tarquinn_simple_flora_water_e, layout_basic, serial_shops,
          nicolae_shop_waterfront, nicolae_shop_hallway_plus
D:2:      layout_basic, dreamdust_ecumenical_altar_sealed_demon, st_stairs_12
D:4:      layout_gridville, zin_statuary, serial_demonic, serial_demonic_f,
          serial_demonic_a, serial_demonic_g, serial_demonic_a

Skill      XL: |  1  2  3 |
---------------+----------+-----
Ranged Weapons | 6 7 |  7.4
Fighting       | |  1.5
Dodging        | |  2.4
Stealth        | |  1.2

Action                     |  1- 3 |  4- 6 || total
---------------------------+-------+-------++-------
   Fire: Shortbow          |   107 |     6 ||   113
    Use: Scroll            |     3 |     1 ||     4
 Armour: Ring mail         |     8 |    11 ||    19
  Dodge: Dodged            |    13 |    17 ||    30

Table legend:
 A = Non-vault XP
 B = Vault XP
 C = Vault XP percentage of total XP
 D = Non-vault monster count
 E = Vault monster count
 F = Vault count percentage of total count
                 A         B        C        D         E       F
            +---------+---------+-------+---------+---------+-------
      Total |      79 |      18 |  18.6 |      40 |       3 |   7.0
            +---------+---------+-------+---------+---------+-------
        D:1 |      24 |       0 |   0.0 |      15 |       0 |   0.0
        D:2 |      48 |       2 |   4.0 |      23 |       1 |   4.2
        D:4 |       7 |      16 |  69.6 |       2 |       2 |  50.0
            +---------+---------+-------+---------+---------+-------
